 Dungeon Crawl Stone Soup version 0.29-a0-559-g359e09b9d1 (webtiles) character file.

Game seed: 106592204702584001

412 Hubjo the Skirmisher (level 6, 0/48 HPs)
             Began as a Demonspawn Transmuter on June 9, 2022.
             Was a Priest of Jiyva.
             Succumbed to a scorpion's poison
             ... on level 5 of the Dungeon.
             The game lasted 00:03:39 (3368 turns).

Hubjo the Skirmisher (Demonspawn Transmuter)        Turns: 3368, Time: 00:03:39

Health: 0/48       AC:  2    Str: 11    XL:     6   Next: 59%
Magic:  10/10      EV: 12    Int: 14    God:    Jiyva [***...]
Gold:   140        SH:  0    Dex: 15    Spells: 10/11 levels left

rFire   . . .      SeeInvis .     - Unarmed
rCold   . . .      Faith    .   (no shield)
rNeg    . . .      Spirit   .   a - +0 robe
rPois   .          Reflect  .   (helmet currently unavailable)
rElec   .          Harm     .   (no cloak)
rCorr   +          Rampage  .   (no gloves)
rMut    +                       (boots currently unavailable)
Will    .....                   (no amulet)
Stlth   ++........              (no ring)
HPRegen 1.28/turn               (no ring)
MPRegen 0.47/turn

@: lethally poisoned (0 -> -6), appendages
A: horns 2, talons 2, claws 2, foul stench 1, powered by death 1, mutation
resistance 3, tendrils
a: End Transformation, Renounce Religion, Oozemancy


You were on level 5 of the Dungeon.
You worshipped Jiyva.
Jiyva was most pleased with you.
You had temporarily grown beastly horns and talons.
You visited 1 branch of the dungeon, and saw 5 of its levels.

You collected 140 gold pieces.

Inventory:

Armour
 a - a +0 robe (worn)
Scrolls
 d - a scroll of vulnerability
 e - a scroll of enchant armour
 f - a scroll of noise
 g - 2 scrolls of identify
 h - a scroll of teleportation
 i - a scroll of brand weapon {unknown}
 j - a scroll of fog {unknown}
 l - 2 scrolls of blinking {unknown}
 m - a scroll of fear {unknown}
Potions
 b - a potion of lignification


   Skills:
 * Level 3.9 Fighting
 - Level 1.7 Dodging
 + Level 2.5 Stealth
 + Level 3.7 Unarmed Combat
 + Level 3.1 Spellcasting
 + Level 3.0 Transmutations


You had 10 spell levels left.
You knew the following spells:

 Your Spells              Type           Power      Damage    Failure   Level
a - Beastly Appendage     Tmut           20%        N/A       6%          1

Your spell library contained the following spells:

 Spells                   Type           Power      Damage    Failure   Level
 Wereblood                Tmut           10%        N/A       9%          2
 Spider Form              Tmut/Pois      6%         N/A       34%         3
 Call Canine Familiar     Summ           2%         N/A       54%         3
 Portal Projectile        Hex/Tloc       4%         N/A       54%         3
 Ice Form                 Ice/Tmut       6%         N/A       75%         4
 Leda's Liquefaction      Hex/Erth       1%         N/A       91%         4


Dungeon Overview and Level Annotations

Branches:
Dungeon (5/15)
 Temple: D:4-7

Altars:
Jiyva


Innate Abilities, Weirdness & Mutations

You have temporarily grown beastly horns and talons.
You have very sharp fingernails.
You may rarely emit foul miasma when damaged in melee.
You regenerate a little health from kills.
You are almost entirely resistant to further mutation and mutation removal.
You are covered in slimy tendrils that may disarm your opponents.


Message History

You are poisoned.
The scorpion poisons you! The scorpion stings you.
You scratch the scorpion but do no damage.
The scorpion is moderately wounded.
You feel very sick. The scorpion stings you.
You closely miss the scorpion.
The scorpion is moderately wounded.
You feel sick. The scorpion stings you.
You are more poisoned.
The scorpion poisons you!
Casting: Beastly Appendage (safe; 6% risk of failure)
Confirm with . or Enter, or press ? or * to list all spells.
You grow a pair of large bovine horns.
Your feet morph into talons.
You feel very sick. The scorpion barely misses you.
You scratch the scorpion but do no damage.
Your kick misses the scorpion.
The scorpion is moderately wounded.
You feel very sick. The scorpion closely misses you.
You closely miss the scorpion. You claw the scorpion.
The scorpion is heavily wounded.
You feel very sick. The scorpion closely misses you.
You barely miss the scorpion.
The scorpion is heavily wounded.
You feel sick. The scorpion stings you.
* * * LOW HITPOINT WARNING * * *
You are more poisoned.
The scorpion poisons you!
You barely miss the scorpion. Your kick misses the scorpion.
The scorpion is heavily wounded.
You feel very sick. The scorpion stings you.
* * * LOW HITPOINT WARNING * * *
The scorpion stings you.
* * * LOW HITPOINT WARNING * * *
It was a potion of mutation.
You feel extremely strange.
You die...

...#.##..##.#..................##
..).##....##...................#
...............................##
..............................#.#
....##....##......###.##.....###.
...#.##!.##.#.....# .##......#..
..# # ####.#.#....## #######..#
.. ..#.##.....##.# ...... .#
....##.#.@.....# ......# #
.......#.#.s###... #...###.
........##..# #. .#.# ## .......
.#.# .# # ..... . .# ###. .. ..
#. .# .# # .. .# #. ..


You could see a scorpion.

Vanquished Creatures
  A centaur (D:5)
  A phantom (D:4)
  2 scorpions (D:4)
  A howler monkey (D:4)
  An iguana (D:5)
  4 gnolls
  3 adders (D:4)
  3 dart slugs
  An endoplasm (D:1)
  3 giant cockroaches
  7 goblins
  6 hobgoblins
  A quokka (D:4)
  3 ball pythons
  3 bats
  5 kobolds
  5 rats
50 creatures vanquished.

Vanquished Creatures (others)
  A scorpion (D:4)
  2 jellies
  An orc priest (D:4)
  An orc wizard (D:3)
  A gnoll (D:4)
  3 adders (D:2)
  A worm (D:3)
  An endoplasm (D:4)
  6 orcs
  2 goblins (D:3)
  2 hobgoblins (D:2)
  4 kobolds
  2 ball pythons (D:3)
  3 bats
  2 rats
  13 plants (D:4)
45 creatures vanquished.

Grand Total: 95 creatures vanquished

Notes
Turn   | Place    | Note
-------+----------+-------------------------------------------
     0 | D:1      | Hubjo the Demonspawn Transmuter began the quest for the
                  | Orb.
     0 | D:1      | Reached XP level 1. HP: 15/15 MP: 3/3
   192 | D:1      | You fall into a shaft and drop 1 floor!
   209 | D:2      | Gained mutation: You may rarely emit foul miasma when
                  | damaged in melee. [demonic ancestry]
   209 | D:2      | Reached XP level 2. HP: 18/21 MP: 3/5
   592 | D:1      | Found a faded altar of an unknown god.
   731 | D:1      | Prayed at the altar of an unknown god.
   731 | D:1      | Became a worshipper of Jiyva Jihueff the Shapeless
   731 | D:1      | Reached * piety under Jiyva
  1363 | D:3      | Reached skill level 1 in Stealth
  1410 | D:3      | Reached ** piety under Jiyva
  1468 | D:3      | Gained mutation: You have sharp fingernails. [demonic
                  | ancestry]
  1468 | D:3      | Reached XP level 3. HP: 27/27 MP: 6/6
  2197 | D:4      | Reached *** piety under Jiyva
  2242 | D:4      | Gained mutation: You are covered in slimy tendrils that may
                  | disarm your opponents. [Jiyva's grace]
  2242 | D:4      | Gained mutation: You are somewhat resistant to further
                  | mutation. [Jiyva's grace]
  2242 | D:4      | Gained mutation: You are somewhat resistant to both further
                  | mutation and mutation removal. [Jiyva's grace]
  2242 | D:4      | Gained mutation: You are almost entirely resistant to
                  | further mutation and mutation removal. [Jiyva's grace]
  2404 | D:4      | Gained mutation: You have very sharp fingernails. [demonic
                  | ancestry]
  2404 | D:4      | Reached XP level 4. HP: 33/33 MP: 7/7
  2406 | D:4      | Noticed a scorpion
  2406 | D:4      | Noticed a scorpion
  2427 | D:4      | Killed a scorpion
  2428 | D:4      | Killed a scorpion
  2458 | D:4      | Reached XP level 5. HP: 30/40 MP: 8/8
  2934 | D:5      | Entered Level 5 of the Dungeon
  2934 | D:5      | Noticed a phantom
  2934 | D:5      | Noticed a centaur
  2942 | D:5      | Killed a centaur
  2943 | D:5      | Gained mutation: You regenerate a little health from kills.
                  | [demonic ancestry]
  2943 | D:5      | Reached XP level 6. HP: 18/47 MP: 10/10
  3368 | D:5      | Succumbed to a scorpion's poison

Illustrated notes

Levels and vault maps discovered:
D:1:      dpeg_arrival_prison, layout_rooms, shapermc_ecumenical_altar_ellora
D:2:      layout_loops_ring, chequers_serial_rivers_marsh, minmay_pentomino_v4
D:3:      layout_basic
D:4:      minmay_bubble_buster, layout_basic, serial_rivers,
          chequers_serial_rivers_small_3, chequers_serial_rivers_marsh,
          chequers_serial_rivers_marsh, chequers_serial_rivers_micro_e,
          kennysheep_another_room, serial_bayou_crossing
D:5:      layout_loops_cross, vehumet_statue, amcnicky_altar_gilded,
          minmay_misc_feat_secret_circle, uniq_duvessa

Skill      XL: |  1  2  3  4  5  6 |
---------------+-------------------+-----
Transmutations | 2 3 |  3.0
Stealth        | 1 2 |  2.5
Fighting       | 2 3 |  3.9
Unarmed Combat | 3 |  3.7
Spellcasting   | 3 |  3.1
Dodging        | |  1.7

Action                   |  1- 3 |  4- 6 || total
-------------------------+-------+-------++-------
Melee: Unarmed           |    65 |    85 ||   150
       Kick              |    17 |    13 ||    30
       Headbutt          |     4 |    10 ||    14
       Punch             |     2 |     3 ||     5
 Cast: Beastly Appendage |    29 |    12 ||    41
  Use: Scroll            |     3 |     1 ||     4
       Potion            |       |     4 ||     4
 Stab: Sleeping          |     2 |     1 ||     3
       Invisible         |       |     1 ||     1
Armor: Robe              |    13 |     7 ||    20
Dodge: Dodged            |    31 |    63 ||    94

Table legend: (Time is in decaauts)
 A = Elapsed time spent in this place.
 B = Non-inter-level travel time spent in this place.
 C = Inter-level travel time spent in this place.
 D = Time resting spent in this place.
 E = Time spent auto-exploring this place.
 F = Levels seen in this place.
 G = Mean time per level.
                   A        B        C        D        E       F      G
               +--------+--------+--------+--------+--------+-----+--------+
         Total |   3379 |   3195 |    184 |    211 |   2566 |   5 |  675.8 |
       Dungeon |   3379 |   3195 |    184 |    211 |   2566 |   5 |  675.8 |
               +--------+--------+--------+--------+--------+-----+--------+

Top non-repeatable levels by time:
     D:4: 989 daAuts
     D:3: 828 daAuts
     D:1: 738 daAuts
     D:2: 617 daAuts
     D:5: 204 daAuts
